 Dungeon Crawl Stone Soup version 0.20-a0-738-gb057e68 (webtiles) character file.

59 FencedIn the Insei (level 3, -4/26 HPs)
             Began as a Demonspawn Transmuter on Feb 23, 2017.
             Slain by Terence
             ... wielding a +0 flail
              (7 damage)
             ... on level 2 of the Dungeon.
             The game lasted 00:03:06 (1084 turns).

FencedIn the Insei (Demonspawn Transmuter)          Turns: 1084, Time: 00:03:07

Health: -4/26      AC:  2    Str: 10    XL:     3   Next: 78%
Magic:  0/6        EV: 12    Int: 15    God:
Gold:   71         SH:  0    Dex: 13    Spells: 3/6 levels left

rFire    . . .     SeeInvis .     - Unarmed
rCold    . . .     Gourm    .   b - +0 robe
rNeg     . . .     Faith    .   (no shield)
rPois    .         Spirit   .   (helmet restricted)
rElec    .         Reflect  .   (no cloak)
rCorr    .         Harm     .   (no gloves)
MR       .....                  (no boots)
Stlth    +.........             (no amulet)
Regen    0.1/turn               (no ring)
MPRegen  0.1/turn               (no ring)

@: no status effects
A: horns 1
a: no special abilities


You were on level 2 of the Dungeon.
You were not hungry.

You visited 1 branch of the dungeon, and saw 2 of its levels.

You collected 71 gold pieces.

Inventory:

Missiles
 a - 42 arrows
 e - 3 curare-tipped needles
 h - 36 stones (quivered)
Armour
 b - a +0 robe (worn)
 k - a +0 buckler
Potions
 i - a potion of ambrosia {unknown}
 j - a potion of mutation {unknown}
Books
 c - a book of Changes

   Spells                             Type                      Level
   a - Beastly Appendage              Transmutation                1
   b - Sticks to Snakes               Transmutation                2
   c - Spider Form                    Transmutation/Poison         3
   d - Ice Form                       Ice/Transmutation            4
   e - Blade Hands                    Transmutation                5
Comestibles
 d - a bread ration
 f - a royal jelly
 g - 6 chunks of flesh


   Skills:
 - Level 1.0 Fighting
 - Level 1.7 Dodging
 + Level 4.3 Unarmed Combat
 - Level 2.0 Spellcasting
 - Level 1.7 Transmutations


You had 3 spell levels left.
You knew the following spells:

 Your Spells              Type           Power        Failure   Level  Hunger
a - Beastly Appendage     Tmut           #.....       12%         1    #......
b - Sticks to Snakes      Tmut           #.......     17%         2    ###....


Dungeon Overview and Level Annotations

Branches:
Dungeon (2/15)

Altars:

Annotations:
D:2 Terence


Innate Abilities, Weirdness & Mutations

You have a pair of small horns on your head.


Message History

You barely miss Terence.
Terence is heavily wounded.
Your ball python bites Terence but does no damage.
Your ball python barely misses Terence.
You hit Terence but do no damage. Your headbutt misses Terence.
Terence is heavily wounded.
Terence hits you with a flail.
* * * LOW HITPOINT WARNING * * *
Your ball python bites Terence.
Your ball python grabs Terence.
Your ball python constricts Terence.
You hit Terence.
Terence is heavily wounded.
Terence completely misses you.
Your ball python bites Terence but does no damage.
Your ball python constricts Terence.
You barely miss Terence. You headbutt Terence.
Terence is severely wounded.
Your ball python bites Terence but does no damage.
Your ball python constricts Terence.
Terence hits you with a flail!
You die...

...#######
#........#
#........#
#........#
#........#
+........#
#...S....#
.#####@###.#
.....#.@...#
#......##########
#......'........#
#......########.#
#......# #....#.#
#......# #.#....#
######## #.#...##
#.).#.#
#####.#######


You could see Terence and a friendly ball python.

Vanquished Creatures
  3 gnolls (D:2)
  An ooze (D:1)
  4 bats
  2 giant cockroaches (D:1)
  5 goblins
  4 hobgoblins
  3 kobolds
  2 ball pythons (D:1)
  4 frilled lizards
  4 rats (D:1)
32 creatures vanquished.

Notes
Turn   | Place    | Note
-------+----------+-------------------------------------------
     0 | D:1      | FencedIn the Demonspawn Transmuter began the quest for the Orb.
     0 | D:1      | Reached XP level 1. HP: 15/15 MP: 3/3
   142 | D:1      | Reached skill level 3 in Unarmed Combat
   366 | D:1      | Gained mutation: You have a pair of large horns on your head. [demonic ancestry]
   366 | D:1      | Reached XP level 2. HP: 16/21 MP: 3/5
   611 | D:1      | Learned a level 2 spell: Sticks to Snakes
   941 | D:2      | Reached XP level 3. HP: 26/26 MP: 6/6
  1052 | D:2      | Reached skill level 4 in Unarmed Combat
  1061 | D:2      | Noticed Terence
  1084 | D:2      | Slain by Terence

Vault maps used:
D:1:      sevenhm_arrival_forest_fort_large_1, minmay_misc_feat_square
D:2:      nicolae_dithmenos_through_a_glass_darkly, nicolae_ru_path_of_blood,
          first_bread, uniq_terence

Skill      XL: |  1  2  3 |
---------------+----------+-----
Unarmed Combat | 3 4 |  4.3
Fighting       | |  1.0
Dodging        | |  1.7
Spellcasting   | |  2.0
Transmutations | |  1.7

Action                   || total
-------------------------++-------
Melee: Unarmed           ||   111
       Headbutt          ||    15
       Kick              ||    11
       Punch             ||     5
Throw: Stone             ||     7
 Cast: Beastly Appendage ||    20
       Sticks to Snakes  ||     3
 Stab: Sleeping          ||     3
  Eat: Chunk             ||     1
Armor: Robe              ||    16
Dodge: Dodged            ||    47
